 Dungeon Crawl Stone Soup version 0.22-a0-877-g5c4e1af (webtiles) character file.

39 KristoblXynda the Cudgeler (level 3, -3/37 HPs)
             Began as an Ogre Gladiator on July 29, 2018.
             Was an Initiate of Okawaru.
             Killed from afar by Natasha (5 damage)
             ... with a magic dart
             ... on level 2 of the Dungeon.
             The game lasted 00:01:57 (1268 turns).

KristoblXynda the Cudgeler (Ogre Gladiator)         Turns: 1268, Time: 00:01:57

Health: -3/37      AC:  3    Str: 23    XL:     3   Next: 47%
Magic:  3/3        EV: 10    Int: 15    God:    Okawaru [......]
Gold:   73         SH:  0    Dex: 10    Spells: 2/2 levels left

rFire    . . .     SeeInvis .   a - +0 flail
rCold    . . .     Gourm    .   (no shield)
rNeg     . . .     Faith    .   b - +0 robe
rPois    .         Spirit   .   c - +0 hat
rElec    .         Reflect  .   (no cloak)
rCorr    .         Harm     .   (gloves unavailable)
MR       .....                  (boots unavailable)
Stlth    +.........             (no amulet)
HPRegen  0.12/turn              (no ring)
MPRegen  0.08/turn              (no ring)

@: mighty, brilliant, slowed, very slow
A: large, unfitting armour, tough skin 1
a: Renounce Religion


You were on level 2 of the Dungeon.
You worshipped Okawaru.
Okawaru was noncommittal.
You were very hungry.

You visited 1 branch of the dungeon, and saw 2 of its levels.

You collected 73 gold pieces.

Inventory:

Hand Weapons
 a - a +0 flail (weapon)
Missiles
 d - 3 throwing nets (quivered)
Armour
 b - a +0 robe (worn)
 c - a +0 hat (worn)
Jewellery
 q - an uncursed amulet of regeneration {unknown}
Scrolls
 e - 2 scrolls of random uselessness {unknown}
 g - 2 scrolls of identify {unknown}
 h - 3 scrolls of teleportation {unknown}
 i - a scroll of amnesia {unknown}
 r - a scroll of magic mapping {unknown}
Potions
 j - a potion of degeneration {unknown}
 k - a potion of brilliance
 l - a potion of might
 m - a potion of invisibility {unknown}
 n - 2 potions of resistance {unknown}
 o - a potion of lignification {unknown}
 p - a potion of heal wounds {unknown}
 s - a potion of magic {unknown}
Comestibles
 f - 5 rations


   Skills:
 + Level 3.4 Fighting
 * Level 3.4 Maces & Flails
 - Level 2.0 Throwing
 + Level 3.0 Dodging


You had 2 spell levels left.
You didn't know any spells.
Your spell library was empty.

Dungeon Overview and Level Annotations

Branches:
Dungeon (2/15)

Altars:
Dithmenos
Okawaru
Ru

Annotations:
D:2 Natasha


Innate Abilities, Weirdness & Mutations

You are too large for most types of armour.
You have tough skin. (AC +1)


Message History

Natasha casts a spell at you.
You feel as though you will be slow longer.
The iron imp hits you but does no damage.
Natasha claws you.
It was a potion of brilliance.
You feel clever all of a sudden. Natasha claws you.
It was a potion of might.
You feel very mighty all of a sudden. Natasha claws you.
Natasha closely misses you.
You barely miss Natasha. Natasha claws you.
* * * LOW HITPOINT WARNING * * *
Natasha mumbles some strange words.
Natasha shimmers violently.
Natasha claws you!
* * * LOW HITPOINT WARNING * * *
You closely miss Natasha. Natasha closely misses you.
Natasha stares at you and mumbles some strange words.
The magic dart hits you!
You die...

#.# #.# # #.# #
#.# # ######## #.#
# #......#
##.######### #
.....#.#
#........... #
#.##.#.#
##..h######## #
#.#....#####....@#
#
#.≈.≈...........##
#
#≈.≈.≈########.##
#.# ##...## #.#
#.# ##.≈.# #.# #[#
.#...# ##'## #.#
##.≈.# ##...##
#.####### #...#
##.....##
#.......# #.≈.#
#......[##
##.#####.#


You could see Natasha.

Vanquished Creatures
  An adder (D:2)
  A dart slug (D:1)
  A leopard gecko (D:1)
  A giant cockroach (D:2)
  3 goblins
  4 hobgoblins
  4 jackals (D:2)
  3 kobolds
  3 bats
  2 frilled lizards (D:1)
  3 rats
26 creatures vanquished.

Notes
Turn   | Place    | Note
-------+----------+-------------------------------------------
     0 | D:1      | KristoblXynda the Ogre Gladiator began the quest for the Orb.
     0 | D:1      | Reached XP level 1. HP: 22/22 MP: 1/1
   152 | D:1      | Reached XP level 2. HP: 26/29 MP: 2/2
   634 | D:2      | Reached XP level 3. HP: 29/37 MP: 3/3
   700 | D:2      | Found a sacrificial altar of Ru.
   967 | D:2      | Found an iron altar of Okawaru.
   970 | D:2      | Found a shadowy altar of Dithmenos.
   981 | D:2      | Became a worshipper of Warmaster Okawaru
  1254 | D:2      | Noticed Natasha
  1268 | D:2      | Killed from afar by Natasha

Vault maps used:
D:1:      mrwooster_arrival_statue_2
D:2:      amethyst_overflow_temple_binary, nicolae_ru_path_of_blood,
          uniq_natasha

Skill      XL: |  1  2 |
---------------+-------+-----
Fighting       | 3 |  3.4
Maces & Flails | 3 |  3.4
Dodging        | 3 |  3.0
Throwing       | |  2.0

Action                   || total
-------------------------++-------
Melee: Flail             ||    92
  Use: Potion            ||     2
Armor: Robe              ||    35
Dodge: Dodged            ||    73

Table legend:
 A = Spawn XP
 B = Non-spawn XP
 C = Spawn XP percentage of total XP
 D = Spawn monster count
 E = Non-spawn monster count
 F = Spawn count percentage of total count
 G = Total turns spent on level
                    A         B        C        D         E        F      G
               +---------+---------+-------+---------+---------+-------+---------
         Total |       0 |      57 |   0.0 |       0 |      26 |   0.0 |  1268
               +---------+---------+-------+---------+---------+-------+---------
           D:1 |       0 |      24 |   0.0 |       0 |      14 |   0.0 |   591
           D:2 |       0 |      33 |   0.0 |       0 |      12 |   0.0 |   677
               +---------+---------+-------+---------+---------+-------+---------
